 Dungeon Crawl Stone Soup version 0.27.1-2-g3b301248ec (webtiles) character file.

Game seed: 9040115209399150095

179 pkoi the Slasher (level 5, -2/42 HPs)
             Began as a Minotaur Gladiator on Sept 28, 2021.
             Killed by divine providence
             ... invoked by an orc priest
              (14 damage)
             ... on level 3 of the Dungeon.
             The game lasted 00:03:11 (2962 turns).

pkoi the Slasher (Minotaur Gladiator)               Turns: 2962, Time: 00:03:12

Health: -2/42      AC:  3    Str: 19    XL:     5   Next: 32%
Magic:  4/4        EV: 12    Int:  5    God:
Gold:   100        SH:  0    Dex: 12    Spells: 4/4 levels left

rFire    + . .     SeeInvis .   j - +1 dagger (venom)
rCold    . . .     Faith    .   (no shield)
rNeg     . . .     Spirit   .   b - +0 leather armour
rPois    .         Reflect  .   c - +0 hat
rElec    .         Harm     .   (no cloak)
rCorr    .         Rampage  .   (no gloves)
Will     .....                  (no boots)
Stlth    +.........             g - amulet of magic regeneration
HPRegen  0.14/turn              k - ring of protection from fire
MPRegen  0.34/turn              (no ring)

@: no status effects
A: horns 2, retaliatory headbutt
a: no special abilities


You were on level 3 of the Dungeon.
You visited 1 branch of the dungeon, and saw 3 of its levels.

You collected 100 gold pieces.

Inventory:

Hand Weapons
 a - a +0 long sword of draining
 j - a +1 dagger of venom (weapon)
Missiles
 d - 3 throwing nets (quivered)
Armour
 b - a +0 leather armour (worn)
 c - a +0 hat (worn)
Jewellery
 g - an amulet of magic regeneration (around neck)
 i - a ring of protection from fire
 k - a ring of protection from fire (left hand)
Scrolls
 e - a scroll of magic mapping
 f - a scroll of teleportation
Potions
 h - a potion of flight
 m - 2 potions of curing
 p - a potion of mutation


   Skills:
 - Level 2.4 Fighting
 + Level 7.3 Long Blades
 - Level 2.0 Throwing
 - Level 3.2 Dodging


You had 4 spell levels left.
You didn't know any spells.
Your spell library was empty.

Dungeon Overview and Level Annotations

Branches:
Dungeon (3/15)

Altars:


Innate Abilities, Weirdness & Mutations

You have a pair of horns on your head.
You reflexively headbutt those who attack you in melee.


Message History

The orc priest invokes the aid of Beogh against you.
Pain shoots through your body!
You hit the orc priest.
The orc priest is poisoned.
You headbutt the orc priest.
The orc priest is moderately wounded.
You closely miss the orc priest.
The orc priest is moderately wounded.
The orc priest hits you with a +0 club.
You hit the orc priest.
The orc priest looks as sick as possible!
The orc priest is heavily wounded.
The orc priest barely misses you. You furiously retaliate!
You headbutt the orc priest!
You kill the orc priest!
You closely miss the orc. Your headbutt misses the orc. The orc misses you.
You furiously retaliate!
You headbutt the orc.
You kill the orc!
The orc priest hits you with a +0 flail.
* * * LOW HITPOINT WARNING * * *
Things that are here:
a +0 club; a +0 club You hit the orc priest.
The orc priest is poisoned.
Your headbutt misses the orc priest.
The orc priest is lightly wounded.
Your hearing returns.
You barely miss the orc priest.
The orc priest is lightly wounded.
The orc priest looks braver for a moment.
You barely miss the orc priest.
The orc priest is lightly wounded.
The orc priest hits you with a +0 flail.
* * * LOW HITPOINT WARNING * * *
You hit the orc priest.
The orc priest looks even sicker.
Your headbutt misses the orc priest.
The orc priest is heavily wounded.
The orc priest looks encouraged for a moment.
Unknown command.
The orc priest invokes the aid of Beogh against you.
Beogh smites you!
You die...

####...####
.........
.......
..... #...#
#...# #.<.#
#...# ##@##
#.# #o# #o#
#.. ...#
##.# .# ..


You could see an orc priest (very poisoned) and an orc.

Vanquished Creatures
  An orc priest (D:3)
  Natasha (thrice) (D:2)
  3 adders (D:2)
  A worm (D:2)
  A dart slug (D:1)
  An orc (D:3)
  2 ball pythons
  5 endoplasms
  4 giant cockroaches
  4 goblins
  4 hobgoblins
  A quokka (D:2)
  6 bats
  7 frilled lizards
  A kobold (D:1)
  4 rats
48 creatures vanquished.

Notes
Turn   | Place    | Note
-------+----------+-------------------------------------------
     0 | D:1      | pkoi the Minotaur Gladiator began the quest for the Orb.
     0 | D:1      | Reached XP level 1. HP: 18/18 MP: 0/0
    59 | D:1      | Reached skill level 4 in Long Blades
   338 | D:1      | Reached XP level 2. HP: 15/25 MP: 1/1
   656 | D:1      | Reached skill level 5 in Long Blades
   920 | D:2      | Reached XP level 3. HP: 18/30 MP: 2/2
  1268 | D:2      | Noticed Natasha
  1273 | D:2      | Killed Natasha
  1274 | D:2      | Reached XP level 4. HP: 8/37 MP: 3/3
  1656 | D:2      | Reached skill level 6 in Long Blades
  1701 | D:2      | Noticed Natasha
  1712 | D:2      | Killed Natasha
  2067 | D:2      | Noticed Natasha
  2079 | D:2      | Killed Natasha
  2080 | D:2      | Reached skill level 7 in Long Blades
  2080 | D:2      | Reached XP level 5. HP: 5/42 MP: 4/4
  2962 | D:3      | Killed from afar by an orc priest

Illustrated notes

Levels and vault maps discovered:
D:1:      ebering_hopf_link, layout_rooms
D:2:      layout_basic, minmay_tromino_v4_b, uniq_natasha
D:3:      layout_loops_cross, shapermc_ecumenical_altar_mp_highgroup,
          kennysheep_pointless_box, minmay_vboxes

Skill      XL: |  1  2  3  4 |
---------------+-------------+-----
Long Blades    | 4 5 7 |  7.3
Fighting       | |  2.4
Throwing       | |  2.0
Dodging        | |  3.2

Action                   |  1- 3 |  4- 6 || total
-------------------------+-------+-------++-------
Melee: Long sword        |    45 |       ||    45
       Headbutt          |     6 |    13 ||    19
       Dagger            |     7 |    52 ||    59
  Use: Scroll            |     7 |     3 ||    10
       Potion            |     1 |       ||     1
Armor: Leather armour    |    11 |     6 ||    17
Dodge: Dodged            |    35 |    33 ||    68
       Rpst.: Long sword |     4 |       ||     4
